 Dungeon Crawl Stone Soup version 0.20-a0-208-g55166f7 (webtiles) character file.

2 deepsabbath the Firebug (level 1, -1/10 HPs)
             Began as a Deep Elf Fire Elementalist on Nov 25, 2016.
             Slain by an adder (2 damage)
             ... on level 2 of the Dungeon.
             The game lasted 00:02:10 (772 turns).

deepsabbath the Firebug (Deep Elf Fire Elementalist) Turns: 772, Time: 00:02:10

Health: -1/10      AC:  2    Str:  5    XL:     1   Next: 33%
Magic:  6/6        EV: 13    Int: 19    God:
Gold:   27         SH:  0    Dex: 15    Spells: 5/6 levels left

rFire  . . .     SeeInvis .     d - +0 club
rCold  . . .     Gourm    .     a - +0 robe
rNeg   . . .     Faith    .     (no shield)
rPois  .         Spirit   .     (no helmet)
rElec  .         Reflect  .     (no cloak)
rCorr  .         Harm     .     (no gloves)
MR     .....                    (no boots)
Stlth  ++........               (no amulet)
                                (no ring)
                                (no ring)

@: no status effects
A: no striking features
a: no special abilities


You were on level 2 of the Dungeon.
You were not hungry.

You visited 1 branch of the dungeon, and saw 3 of its levels.

You collected 27 gold pieces.

Inventory:

Hand Weapons
 d - a +0 club (weapon)
   (You took it off a hobgoblin on level 1 of the Dungeon)
Missiles
 f - 20 stones (quivered)
 g - 4 tomahawks
Armour
 a - a +0 robe (worn)
Books
 b - a book of Flames
Comestibles
 c - a bread ration {@e1}


   Skills:
 + Level 0.8 Throwing
 - Level 2.4 Dodging
 - Level 2.4 Stealth
 - Level 3.0 Spellcasting
 - Level 1.1 Conjurations
 - Level 3.2 Fire Magic


You had 5 spell levels left.
You knew the following spells:

 Your Spells              Type           Power        Failure   Level  Hunger
a - Flame Tongue          Conj/Fire      ##...        10%         1    None


Dungeon Overview and Level Annotations

Branches:
Dungeon (3/15)

Altars:


Message History

The ball python bites you. The ball python barely misses you.
You take 2 damage, and have 6/10 hp.
The ball python bites you but does no damage.
The ball python misses you.
You see here a scroll labeled BEIJUI VUSYO.
e - a scroll labeled BEIJUI VUSYO The frilled lizard bites you but does no damage.
A goblin comes into view.
The goblin shouts!
You hear a shout!
The goblin barely misses you.
Found a stone staircase leading down.
An adder comes into view.
Found a purple potion.
Found a stone staircase leading down.
You see here a purple potion.
You see here a robe.
There is a stone staircase leading down here.
You can't go up here!
The frilled lizard misses you.
You climb downwards.
A frilled lizard comes into view.
There is a stone staircase leading up here.
You miss the frilled lizard. The frilled lizard barely misses you.
You miss the frilled lizard.
The frilled lizard completely misses you.
You hit the frilled lizard.
You kill the frilled lizard!
A frilled lizard is nearby!
A frilled lizard is nearby!
A frilled lizard is nearby!
A frilled lizard is nearby!
A frilled lizard is nearby!
A frilled lizard is nearby!
A frilled lizard is nearby!
A rat comes into view.
A dart slug comes into view.
There is a stone staircase leading up here.
Found an escape hatch in the ceiling.
A rat is nearby!
A rat is nearby!
Unknown command.
You hit the rat.
You kill the rat!
You start resting.
Health restored: 10
There is an escape hatch in the ceiling here.
Found a stone staircase leading up.
There is a stone staircase leading up here.
You climb upwards.
A goblin comes into view. It is wielding a club.
The goblin shouts!
There is a stone staircase leading down here.
You climb downwards.
There is a stone staircase leading up here. 3 orcs come into view.
The orc shouts! x2
An orc comes into view. It is wielding a dagger.
There is a stone staircase leading up here.
Wield which item (- for none, * to show all)? (? for menu, Esc to quit)
Okay, then.
There is an escape hatch in the ceiling here.
A mysterious force pulls you upwards. The hatch slams shut behind you.
The frilled lizard hisses angrily.
The frilled lizard bites you but does no damage.
You hit the frilled lizard but do no damage.
The frilled lizard closely misses you.
You hit the frilled lizard. The frilled lizard closely misses you.
You barely miss the frilled lizard. The frilled lizard bites you.
You take 1 damage, and have 9/10 hp.
You closely miss the frilled lizard. The frilled lizard misses you.
The frilled lizard barely misses you.
You barely miss the frilled lizard. The frilled lizard closely misses you.
You barely miss the frilled lizard. The frilled lizard bites you.
You take 3 damage, and have 6/10 hp.
MASSIVE DAMAGE!!
You barely miss the frilled lizard. The frilled lizard closely misses you.
The frilled lizard barely misses you.
You closely miss the frilled lizard. The frilled lizard closely misses you.
You barely miss the frilled lizard.
The adder hisses angrily.
The frilled lizard bites you but does no damage.
A rat comes into view.
The rat barely misses you. The rat bites you.
You take 1 damage, and have 5/10 hp.
The rat barely misses you. The adder closely misses you. The adder bites you.
You take 2 damage, and have 4/10 hp.
The adder bites you.
* * * LOW HITPOINT WARNING * * *
You take 3 damage, and have 1/10 hp.
MASSIVE DAMAGE!!
You aren't carrying any potions.
As you read the scroll labeled BEIJUI VUSYO, it crumbles to dust.
You smell coffee.
It was a scroll of random uselessness.
The rat closely misses you. The adder barely misses you.
The adder closely misses you.
A dart slug comes into view.
The adder bites you.
You die...

.........#.##............
...........###########
..........## ##.. ... .........##
#.... ...# ......w.####.#.#.#
#...#. .................. ....#.
.####....#..#.#.#.#.#..!.
##############.................#.
................@S.#.#.#.#.#.#.#.
.....#######...###r............#.
(.......g....####.#.#.#.#.#.#$#..
.....######### ##.).............
.....# #.#.#.#.#.#.#..# .....#
#l(.........$%.# .....#
#..#.#.#.#.#..## ######
#.............# #...#.#.#.#..##


You could see an adder, a dart slug and a rat.

Vanquished Creatures
  A hobgoblin (D:1)
  A frilled lizard (D:3)
  A rat (D:3)
3 creatures vanquished.

Notes
Turn   | Place    | Note
-------+----------+-------------------------------------------
     0 | D:1      | deepsabbath the Deep Elf Fire Elementalist began the quest for the Orb.
     0 | D:1      | Reached XP level 1. HP: 10/10 MP: 6/6
    54 | D:1      | HP: 1/10 [hobgoblin/club (4)]
   766 | D:2      | HP: 1/10 [adder (3)]
   772 | D:2      | Slain by an adder

Vault maps used:
D:1:      dpeg_arrival_lava_temple_mockup
D:2:      hex_medium
D:3:      first_bread, lemuel_statue_altar

Action                   || total
-------------------------++-------
Melee: Unarmed           ||    14
       Club              ||    13
Throw: Stone             ||     5
  Use: Potion            ||     2
       Scroll            ||     1
Armor: Robe              ||     5
       Skin              ||     4
Dodge: Dodged            ||    28

Vault maps used:
D:1:      dpeg_arrival_lava_temple_mockup
D:2:      hex_medium
D:3:      first_bread, lemuel_statue_altar

Table legend:
 A = Turns spent in this place as a percentage of turns spent in the entire game.
 B = Non-inter-level travel turns spent in this place as a percentage of non-inter-level travel turns spent in the entire game.
 C = Inter-level travel turns spent in this place as a percentage of turns spent in this place.
 D = Turns resting spent in this place as a percentage of non-inter-level travel turns spent in this place.
 E = Turns spent auto-exploring this place as a percentage of non-inter-level travel turns spent in this place.
 F = Non-inter-level travel turns spent in this place divided by the number of levels of this place that you've seen.
                   A       B       C       D       E      F
               +-------+-------+-------+-------+-------+----------------------
         Total | 100.0 | 100.0 |   0.0 |   2.7 |   0.8 |  85.3
       Dungeon | 100.0 | 100.0 |   0.0 |   2.7 |   0.8 |  85.3
               +-------+-------+-------+-------+-------+----------------------

Table legend:
 A = Kills in this place as a percentage of kills in entire the game.
 B = Kills by you in this place as a percentage of kills by you in the entire game.
 C = Kills by friends in this place as a percentage of kills by friends in the entire game.
 D = Other kills in this place as a percentage of other kills in the entire game.
 E = Experience gained in this place as a percentage of experience gained in the entire game.
 F = Experience gained in this place divided by the number of levels of this place that you have seen.
                   A       B       C       D       E      F
               +-------+-------+-------+-------+-------+----------------------
         Total | 100.0 | 100.0 |  -nan |  -nan | 100.0 |   1.3
       Dungeon | 100.0 | 100.0 |  -nan |  -nan | 100.0 |   1.3
               +-------+-------+-------+-------+-------+----------------------
